Unix NetHack Version 3.7.0-89 Work-in-progress - last build Sep 7 2023 15:16:41 (8494bff02b67719303c47e298deaa89034127798,branch:master). Game began 2023-09-19 14:25:28, ended 2023-09-19 14:33:21. Merlek, lawful female human Valkyrie ------- --.....------ ---- |...........----..| --..---...........| ---- -----.----.-- ---- -...--. . |.| |.| ------..-- .. ---...........--- --- |.-- |.| |..)@....----........| |...............----.-- ---- |..---.-----...----... %.|......---................-|...| ----..| --.......|....)--------- |.......|.......|...)...)..|...-- --.|...------.--..|.--....| ---....^%)..........---.|.---...%....------ --.^......---........|---..| |....%...--..--.....| ----- |..........--.--- |....................| |.-- |.......---------..---- --....).))......-- |.....^..............| |.-------.....| ---.... ...>...)........| ----......----...|.-.| |.....| --... -.--- --..........*...| |...---- |...|...| |...-.| . .| -........)<....| |...| --...|--.-- |.....| ..| ...---........-- ---- |....| |..| ---...-- ..| |..--...-- |....| |..| --...| ------.-- --.--- ---- |..-- --- --- ---- Merlek the Fighter St:18/04 Dx:15 Co:17 In:8 Wi:10 Ch:7 Lawful Dlvl:4 $:20 HP:0(45) Pw:19(19) AC:6 Xp:6/583 T:1551 Blind Latest messages: z - a crossbow. You hit the human zombie! You hit the human zombie! You destroy the human zombie! You kill the gecko! You hit the human zombie! The human zombie hits! You hit the human zombie! You miss the human zombie. The human zombie misses! You destroy the human zombie! It misses the dwarf. The human zombie hits! You hit the human zombie! The human zombie hits! You hit the human zombie! You destroy the human zombie! You miss the yellow light. The yellow light explodes! You are blinded by a blast of light! Wait! There's something there you can't see! It hits! You hit it. You hear some noises in the distance. You hit it. It hits! You destroy it! You try to feel what is lying here on the floor. You feel here a human corpse. Wait! There's something there you can't see! You attack thin air. It hits! You hear some noises. You feel an unseen monster! It hits! You stop searching. You hit it. It hits! You hit it. It hits! You destroy it! You hear some noises in the distance. You feel an unseen monster! It hits! It hits! You stop searching. You hit it. It hits! You die... Do you want your possessions identified? [ynq] (n) Inventory: Coins $ - 20 gold pieces Weapons z - an uncursed +0 crossbow q - 8 uncursed +0 darts b - an uncursed +0 dagger (alternate weapon; not wielded) o - 7 uncursed +0 daggers r - an uncursed +0 elven dagger a - an uncursed corroded +1 spear (weapon in hand) Armor s - a cursed -2 dwarvish iron helm e - an uncursed +0 orcish helm y - a cursed -1 pair of fumble boots t - an uncursed +0 pair of iron shoes c - an uncursed +3 small shield (being worn) u - an uncursed +0 dwarvish cloak h - an uncursed +0 elven cloak Comestibles d - an uncursed food ration Scrolls p - an uncursed scroll of blank paper x - a cursed scroll of enchant armor j - an uncursed scroll of enchant weapon n - an uncursed scroll of light w - an uncursed scroll of light Potions g - an uncursed potion of blindness i - a cursed potion of fruit juice Tools l - an uncursed oil lamp (lit) Gems/Stones m - 2 cursed worthless pieces of red glass Merlek the Valkyrie's attributes: Background: You were a Fighter, a level 6 human Valkyrie. You were lawful, on a mission for Tyr who was opposed by Odin (neutral) and Loki (chaotic). You were in the Gnomish Mines, on level 4. You entered the dungeon 1551 turns ago. You had 583 experience points, 57 more were needed to attain level 7. Basics: You had 0 out of 45 hit points. You had all 19 energy points (spell power). Your armor class was 6. Your wallet contained 20 zorkmids. Autopickup was on for '$=?"/!%' plus thrown, with exceptions. Final Characteristics: Your strength was 18/04 (limit:18/100). Your dexterity was 15 (limit:18). Your constitution was 17 (limit:18). Your intelligence was 8 (limit:18). Your wisdom was 10 (limit:18). Your charisma was 7 (limit:18). Final Status: You were temporarily blind. You were not hungry. You were unencumbered. You were wielding a spear. You were skilled in spear. Final Attributes: You were devoutly aligned. You were cold resistant. You were invisible. You were stealthy. You are dead. Miscellaneous: You never encountered a bones level. Total elapsed playing time was 7 minutes and 53 seconds. Major events: Turn 1: Merlek the lawful human Valkyrie entered the dungeon 73: attained the rank of Skirmisher (level 3) 691: entered the Gnomish Mines 936: reached Mine Town 991: attained the rank of Fighter (level 6) 1551: killed by an orc zombie Vanquished creatures: a giant mimic 3 small mimics 4 human zombies a yellow light 5 gnome leaders 2 gnomish wizards a giant ant 2 dwarves a rothe a rabid rat a giant bat 3 orc zombies an iguana a hobbit a large kobold a giant rat a green mold 18 gnomes a gnome zombie 3 geckos a jackal a fox 3 goblins 2 grid bugs a lichen a kobold zombie 61 creatures vanquished. No species were genocided or became extinct. Voluntary challenges: You were illiterate. You never engraved Elbereth. You never genocided any monsters. You never polymorphed an object. You never changed form. You used no wishes. Achievements: You attained the rank of Skirmisher. You entered a shop. You entered the Gnomish Mines. You entered Minetown. You attained the rank of Fighter. You entered a temple. The Dungeons of Doom: levels 1 to 2 Level 1: Level 2: A general store, some fountains. Stairs down to The Gnomish Mines. The Gnomish Mines: levels 3 to 5 Level 3: Level 4: <- You were here. Final resting place for you, killed by an orc zombie. Level 5: Many shops, a temple, some fountains. Game over: ---------- / \ / REST \ / IN \ / PEACE \ / \ | Merlek | | 20 Au | | killed by an orc | | zombie | | | | | | 2023 | *| * * * | * _________)/\\_//(\/(/\)/\//\/|_)_______ Farvel Merlek the Valkyrie... You died in The Gnomish Mines on dungeon level 4 with 2550 points, and 20 pieces of gold, after 1551 moves. You were level 6 with a maximum of 45 hit points when you died.